 Dungeon Sprint DCSS version 0.26.1-2-gb8aa6d0cf2 (webtiles) character file.

Game seed: 2229451168876149486

185 Groucho the Covered (level 5, -7/41 HPs)
             Began as a Halfling Wanderer on Feb 13, 2021.
             Was a Follower of Qazlal.
             Mangled by a death cob (11 damage)
             ... in the Dungeon (Sprint V: "Ziggurat Sprint").
             The game lasted 00:04:05 (554 turns).

Groucho the Covered (Halfling Wanderer)              Turns: 554, Time: 00:04:06

Health: -7/41      AC: 27    Str: 26    XL:     5   Next: 96%
Magic:  9/9        EV:  2    Int:  9    God:    Qazlal [*.....]
Gold:   0          SH: 31    Dex: 15    Spells: 4/4 levels left

rFire    . . .     SeeInvis .   E - +6 shillelagh "Devastator" {shatter}
rCold    . . .     Faith    .   D - +18 shield of the Gong {rElec rN+ Will+ EV-5}
rNeg     + . .     Spirit   .   C - +15 Maxwell's patent armour {-Cast -Tele rElec Will+ rCorr}
rPois    .         Reflect  .   (no helmet)
rElec    +         Harm     .   (no cloak)
rCorr    +         Rampage  .   (no gloves)
Will     ++...     NoTele   +   (no boots) Stlth ..........NoCast +
                                (no amulet)
HPRegen  0.13/turn              A - +6 ring of strength
MPRegen  0.11/turn              B - +6 ring of strength

@: slowed, very slow
A: small, mutation resistance 1
a: Renounce Religion


You were in the Dungeon.
You worshipped Qazlal.
Qazlal was aware of your devotion.
You visited 1 branch

Inventory:

Hand Weapons
 E - the +6 shillelagh "Devastator" (weapon) {shatter}
   (You found it in the Dungeon)
 F - a +5 fustibalus
Missiles
 G - 1000 sling bullets
Armour
 r - +5 gold dragon scales
 C - the +15 Maxwell's patent armour (worn) {-Cast -Tele rElec Will+ rCorr}
   (You found it in the Dungeon)

   It insulates you from electricity.
   It affects your willpower, your defense against some magical effects.
   It prevents spellcasting.
   It prevents most forms of teleportation.
   It provides partial protection from all sources of acid and corrosion.
 D - the +18 shield of the Gong (worn) {rElec rN+ Will+ EV-5}
   (You found it in the Dungeon)

   It affects your evasion (-5).
   It insulates you from electricity.
   It protects you from negative energy.
   It affects your willpower, your defense against some magical effects.
Jewellery
 v - an uncursed ring of flight
 w - a +6 ring of dexterity
 x - a +6 ring of dexterity
 y - a +6 ring of intelligence
 z - a +6 ring of intelligence
 A - a +6 ring of strength (left hand)
 B - a +6 ring of strength (right hand)
Wands
 s - a wand of disintegration (7)
 t - a wand of iceblast (7)
 u - a wand of acid (7)
Scrolls
 h - 4 scrolls of blinking
 l - 4 scrolls of amnesia
 m - 7 scrolls of fog
 n - a scroll of holy word
 o - 5 scrolls of identify
 p - 5 scrolls of remove curse
 q - 2 scrolls of fear
Potions
 a - 2 potions of brilliance
 b - 2 potions of invisibility
 c - 9 potions of curing
 d - 10 potions of heal wounds
 e - 6 potions of haste
 f - 7 potions of magic
 g - 3 potions of berserk rage
 i - 4 potions of resistance
 j - a potion of experience
 k - 5 potions of might


   Skills:
 + Level 5.7 Fighting
 - Level 2.0(2.1) Axes
 - Level 1.0(1.5) Maces & Flails
 - Level 1.0 Throwing
 + Level 6.4 Armour
 + Level 6.1 Shields
 + Level 5.9 Invocations


You had 4 spell levels left.
You didn't know any spells.
Your spell library was empty.

Dungeon Overview and Level Annotations

Branches:
Dungeon (1/1)

Altars:
Ashenzari
Cheibriados
Dithmenos
Elyvilon
Fedhas
Gozag
Hepliaklqana
Kikubaaqudgha
Makhleb
Nemelex Xobeh
Okawaru
Qazlal
Ru
Sif Muna
Trog
Uskayaw
Vehumet
Wu Jian
Xom
Yredelemnul
Zin
The Shining One
Beogh
Jiyva
Lugonu

Annotations:
D 1 transporter


Innate Abilities, Weirdness & Mutations

You are small and have problems with some larger weapons.
You are somewhat resistant to further mutation.


Message History

You block the death cob's attack.
GONNNNG!
Unknown command.
Unknown command.
You sock the death cob!
The death cob and the draconians shudder.
The death cob is lightly damaged.
The draconian is lightly wounded. x3
The death cob is lightly damaged.
You block the death cob's attack.
GONNNNG!
You block the death cob's attack.
BONNNG!
The death cob hits you!!
* * * LOW HITPOINT WARNING * * *
The death cob hits you but does no damage.
The draconian hits you with a cursed -3 whip.
* * * LOW HITPOINT WARNING * * *
The draconian hits you but does no damage. x2
The death cob hits you!
You die...

▓▓▓▓▓▓▓▓▓▓▓▓▓▓▓▓▓▓▓
▓.8©8.▓.8©8.▓.8©8.▓
▓.)}).▓.)=".▓.....▓
▓..=..▓.....▓.).}.▓
▓.....▓.....▓.....▓
▓.dzd.▓.....▓.....▓
▓..@d.▓.....▓..©..▓
▓.°©..▓..©..▓▓▓▓▓▓▓
▓▓▓▓▓▓▓▓▓▓▓▓▓


You could see a death cob and 3 draconians.

Vanquished Creatures
  A golden eye (D)
  A quasit (D)
  A shadow imp (D)
  A white imp (D)
  An ooze (D)
5 creatures vanquished.

Notes
Turn   | Place    | Note
-------+----------+-------------------------------------------
     0 | D        | Groucho the Halfling Wanderer began the quest for the Orb.
     0 | D        | Groucho set off with the following items: a +2 hand axe, a
                  | +0 ring mail, a potion of curing, a potion of heal wounds,
                  | a potion of haste, 2 potions of magic, a potion of berserk
                  | rage, a scroll of blinking
     0 | D        | Reached XP level 1. HP: 15/15 MP: 1/1
     8 | D        | Found a bloodstained altar of Trog.
     8 | D        | Found a shimmering blue altar of Sif Muna.
     8 | D        | Found a sacrificial altar of Ru.
     8 | D        | Found a stormy altar of Qazlal.
     8 | D        | Found an iron altar of Okawaru.
    10 | D        | Found a sparkling altar of Nemelex Xobeh.
    10 | D        | Found a blossoming altar of Fedhas.
    11 | D        | Found the +6 Majin-Bo {vamp, MP+6 Int+6}
    11 | D        | Found the +9 heavy crossbow "Sniper" {vorpal, Acc+∞ SInv}
    11 | D        | Found the +10 dark maul {vorpal}
    11 | D        | Found the +15 Maxwell's patent armour {-Cast -Tele rElec
                  | Will+ rCorr}
    11 | D        | Found the +18 shield of the Gong {rElec rN+ Will+ EV-5}
    11 | D        | Found the cursed +14 obsidian axe {vorpal, +Fly SInv
                  | *Curse}
    11 | D        | Found the +7 great mace "Firestarter" {inner flame, rF++}
    11 | D        | Found the +6 shillelagh "Devastator" {shatter}
    11 | D        | Found the +11 plutonium sword {*Contam Stlth-}
    11 | D        | Found the +8 lance "Wyrmbane" {slay drac, rPois rF+ rC+
                  | AC+3}
    11 | D        | Found the +9 sword of Zonguldrok {reap}
    11 | D        | Found the cursed +13 scythe of Curses {drain, *Curse}
    11 | D        | Found the +5 sword of Power {vorpal}
    11 | D        | Found the +7 mace of Variability {chain chaos}
    11 | D        | Found the +7 Singing Sword {vorpal, sonic wave}
    11 | D        | Found the +8 storm bow {elec, penet}
    12 | D        | Found a transporter.
    12 | D        | Found an ancient bone altar of Kikubaaqudgha.
    12 | D        | Found a viscous altar of Jiyva.
    12 | D        | Found a corrupted altar of Lugonu.
    12 | D        | Found a hazy altar of Hepliaklqana.
    12 | D        | Found a burning altar of Makhleb.
    12 | D        | Found an opulent altar of Gozag.
    48 | D        | Became a worshipper of Qazlal Stormbringer
    85 | D        | Entered arena 2.
    85 | D        | Noticed a golden eye
    85 | D        | Found a transporter.
    96 | D        | Killed a golden eye
    97 | D        | Reached skill level 5 in Fighting
    97 | D        | Reached skill level 5 in Armour
    97 | D        | Reached skill level 5 in Shields
    97 | D        | Reached skill level 5 in Invocations
    97 | D        | Reached XP level 2. HP: 24/24 MP: 1/5
    97 | D        | Reached XP level 3. HP: 29/29 MP: 1/6
    97 | D        | Reached XP level 4. HP: 35/35 MP: 1/7
    97 | D        | Reached XP level 5. HP: 39/39 MP: 1/8
   529 | D        | Entered arena 3.
   529 | D        | Found a transporter.
   534 | D        | Reached * piety under Qazlal
   545 | D        | Got the amulet of Entrepreneurial Spirit {Inacc rC+ rN+
                  | MP+9 Dex-4}
   551 | D        | Entered arena 4.
   551 | D        | Noticed a draconian
   551 | D        | Noticed a draconian
   551 | D        | Noticed a draconian
   551 | D        | Noticed a death cob
   551 | D        | Found a transporter.
   554 | D        | Mangled by a death cob

Illustrated notes

Levels and vault maps discovered:
D:        sprint_v [room_start, room_1, room_2, room_3, room_4, room_5, room_6,
          room_7, room_8, room_9, room_10, room_11, room_12, room_13, room_14,
          room_15, room_16, room_17, room_18, room_19, room_20, room_21,
          room_22, room_23, room_24, room_25, room_26, room_27]

Skill      XL: |  1  2  3  4  5 |
---------------+----------------+-----
Fighting       | 5 |  5.7
Armour         | 5 6 |  6.4
Shields        | 5 6 |  6.1
Invocations    | 5 |  5.9
Axes           | |  2.0
Maces & Flails | |  1.0
Throwing       | |  1.0

Action                   |  1- 3 |  4- 6 || total
-------------------------+-------+-------++-------
Melee: Shillelagh        |     5 |     7 ||    12
  Use: Potion            |     1 |       ||     1
Armor: Plate armour      |     4 |    15 ||    19
Dodge: Dodged            |     1 |     1 ||     2
Block: Kite shield       |     3 |    23 ||    26
